 Dungeon Crawl Stone Soup version 0.17-a0-1714-g35622ae (webtiles) character file.

574 urechis the Chiller (level 7, -7/46 HPs)
             Began as a Demonspawn Ice Elementalist on Aug 23, 2015.
             Killed from afar by Pikel (14 damage)
             ... with a wand of fire
             ... on level 4 of the Dungeon.
             The game lasted 00:12:25 (4518 turns).

urechis the Chiller (Demonspawn Ice Elementalist)   Turns: 4518, Time: 00:12:25

Health: -7/46      AC:  9    Str:  9    XL:     7   Next: 12%
Magic:  9/14       EV:  7    Int: 16    God:
Gold:   216        SH:  0    Dex: 15    Spells: 4 memorised, 4 levels left

rFire  . . .     SeeInvis .     q - +0 trident
rCold  . . .     Clarity  .     a - +0 robe
rNeg   . . .     SustAt   .     (no shield)
rPois  .         Gourm    .     (helmet restricted)
rElec  .         Spirit   .     m - +0 cloak
rCorr  .         Warding  .     (no gloves)
rMut   .         Stasis   .     (no boots)
MR     .....                    l - amulet of rage
Stlth  ++........               (no ring)
                                (no ring)

@: not resistant to hostile enchantments, unstealthy
A: horns 1, iridescent scales 2
a: Evoke Berserk Rage


You were on level 4 of the Dungeon.
You were not hungry.

You visited 1 branch of the dungeon, and saw 4 of its levels.

You collected 216 gold pieces.

Inventory:

Hand weapons
 q - a +0 trident (weapon)
Armour
 a - a +0 robe (worn)
 m - a +0 cloak (worn)
Jewellery
 k - an uncursed amulet of resist corrosion
 l - an amulet of rage (around neck)
Magical devices
 j - a wand of lightning (9)
 s - a wand of frost (25)
Scrolls
 d - 3 scrolls of random uselessness {unknown}
 e - 5 scrolls of fear {unknown}
 f - 3 scrolls of recharging {unknown}
 g - 3 scrolls of remove curse {unknown}
 o - 3 scrolls of teleportation {unknown}
 u - a scroll of enchant weapon {unknown}
Potions
 n - 2 potions of magic {unknown}
 r - a potion of resistance {unknown}
 t - a potion of haste {unknown}
 w - a potion of cancellation {unknown}
Books
 b - a book of Frost

   Spells                             Type                      Level
   a - Freeze                         Ice                          1
   b - Throw Frost                    Conjuration/Ice              2
   c - Ozocubu's Armour               Charms/Ice                   3
   d - Throw Icicle                   Conjuration/Ice              4
   e - Summon Ice Beast               Ice/Summoning                4
   f - Condensation Shield            Ice                          4
Comestibles
 c - 3 bread rations
 h - 2 fruits
 i - a royal jelly
 p - 2 chunks of flesh
 v - 2 meat rations


   Skills:
 - Level 1.7 Dodging
 - Level 1.7 Stealth
 + Level 5.1 Spellcasting
 - Level 1.0 Conjurations
 + Level 5.7 Ice Magic


You had 4 spell levels left.
You knew the following spells:

 Your Spells              Type           Power        Failure   Level  Hunger
a - Freeze                Ice            ###.         1%          1    None
b - Ozocubu's Armour      Chrm/Ice       ##......     14%         3    ###....
c - Condensation Shield   Ice            ###.......   14%         4    ####...
d - Throw Icicle          Conj/Ice       ##......     38%         4    ####...


Dungeon Overview and Level Annotations

Branches:
Dungeon (4/15)
 Temple: D:4-7

Altars:
Cheibriados
Dithmenos

Annotations:
D:3 Grinder
D:4 4thArraOfDagon's ghost, weakling TrCK; Pikel


Innate Abilities, Weirdness & Mutations

You have a pair of small horns on your head.
You are mostly covered in iridescent scales (AC +6).


Message History

You freeze Pikel.
Pikel is lightly wounded.
Casting: Freeze
Confirm with . or Enter, or press ? or * to list all spells.
Aiming: Freeze
Press: ? - help, Shift-Dir - straight line, f/p - Pikel
Aim: Pikel, wielding a whip of freezing, wearing a robe and carrying a wand of fire {zapped: 4} (lightly wounded)
You freeze Pikel.
Pikel is heavily wounded.
Your icy armour starts to melt.
Pikel zaps a wand.
The bolt of fire hits you!
Your icy armour melts away.
* * * LOW HITPOINT WARNING * * *
Pikel waves his whip at you.
Pikel zaps a wand.
The bolt of fire misses you.
Pikel zaps a wand.
The bolt of fire misses you.
There is a stone staircase leading up here.
Pikel says, "You'll fetch a fair price!"
Pikel zaps a wand.
The bolt of fire hits you!
You die...

#### #... #.## ....
###+####.#..
#........... ##
###.@....#... #.
#.K........# # #.
#p#.......... #.
#.#.....##.#########.
###.#..................
#.pp###......#######[>.
##.#####.#########......
#....p.p..#.............
########..#.###.......[.


You could see Pikel and a slave.

Vanquished Creatures
  Edmund (D:4)
  A scorpion (D:4)
  A crimson imp (D:4)
  Crazy Yiuf (D:3)
  3 worker ants
  Natasha (twice) (D:4)
  An iguana (D:4)
  A hound skeleton (D:4)
  10 adders
  An ooze (D:2)
  2 adder skeletons (D:4)
  2 worms (D:4)
  3 giant geckos
  10 orcs
  3 giant cockroaches
  9 goblins
  9 hobgoblins
  13 jackals
  5 kobolds
  2 quokkas (D:3)
  5 bats
  A giant gecko skeleton (D:4)
  9 giant newts
  A quokka skeleton (D:4)
  8 rats
104 creatures vanquished.

Notes
Turn   | Place    | Note
--------------------------------------------------------------
     0 | D:1      | urechis the Demonspawn Ice Elementalist began the quest for the Orb.
     0 | D:1      | Reached XP level 1. HP: 13/13 MP: 3/3
   627 | D:1      | Reached skill level 3 in Ice Magic
   627 | D:1      | Gained mutation: You are partially covered in iridescent scales (AC +4). [demonic ancestry]
   627 | D:1      | Reached XP level 2. HP: 14/19 MP: 1/5
  1345 | D:2      | Reached XP level 3. HP: 24/24 MP: 1/7
  1631 | D:2      | Found a snail-covered altar of Cheibriados.
  1653 | D:2      | Found a faded altar to an unknown god.
  1948 | D:2      | Found a shadowy altar of Dithmenos.
  2089 | D:3      | Gained mutation: You have a pair of small horns on your head. [demonic ancestry]
  2089 | D:3      | Reached XP level 4. HP: 28/30 MP: 5/8
  2310 | D:3      | Reached skill level 4 in Ice Magic
  2392 | D:3      | Learned a level 3 spell: Ozocubu's Armour
  2397 | D:3      | Learned a level 4 spell: Condensation Shield
  2440 | D:3      | Gained mutation: You are mostly covered in iridescent scales (AC +6). [demonic ancestry]
  2440 | D:3      | Reached XP level 5. HP: 31/35 MP: 6/10
  2476 | D:3      | Noticed Crazy Yiuf
  2536 | D:3      | Paralysed by Crazy Yiuf for 7 turns
  2540 | D:3      | HP: 1/35 [Crazy Yiuf/quarterstaff of chaos (20)]
  2549 | D:3      | Killed Crazy Yiuf
  3129 | D:3      | Noticed Grinder
  3635 | D:4      | Reached XP level 6. HP: 38/41 MP: 8/12
  3685 | D:4      | Reached skill level 5 in Ice Magic
  3704 | D:4      | Noticed Natasha
  3704 | D:4      | Noticed 4thArraOfDagon's ghost (weakling TrCK)
  3821 | D:3      | Paralysed by Grinder for 7 turns
  3847 | D:3      | Paralysed by Grinder for 6 turns
  4019 | D:4      | Noticed Edmund
  4028 | D:4      | Killed Edmund
  4153 | D:4      | Killed Natasha
  4155 | D:4      | Noticed Natasha
  4182 | D:4      | Killed Natasha
  4182 | D:4      | Reached XP level 7. HP: 28/46 MP: 5/14
  4187 | D:4      | Reached skill level 5 in Spellcasting
  4353 | D:4      | Learned a level 4 spell: Throw Icicle
  4493 | D:4      | Noticed Pikel
  4493 | D:4      | Noticed a slave
  4494 | D:4      | Noticed a slave
  4494 | D:4      | Noticed a slave
  4496 | D:4      | Noticed a slave
  4518 | D:4      | Killed from afar by Pikel

Vault maps used:
D:1:      dpeg_arrival_water_temple_mockup
D:2:      cheibriados_altar_1, ecumenical_altar_2, st_stairs_13,
          grunt_dithmenos_smoke_and_mirrors
D:3:      forest_paths, first_bread, uniq_crazy_yiuf_cottage, uniq_grinder
D:4:      serial_shops, nicolae_shop_behind_doors, uniq_pikel, uniq_edmund,
          uniq_natasha

Action                   |  1- 3 |  4- 6 |  7- 9 || total
-------------------------+-------+-------+-------++-------
Melee: Short sword       |    16 |       |       ||    16
       Unarmed           |     1 |       |       ||     1
       Trident           |    20 |    92 |    14 ||   126
 Cast: Freeze            |    44 |    97 |    14 ||   155
       Ozocubu's Armour  |       |     3 |     1 ||     4
  Use: Potion            |       |     7 |       ||     7
 Stab: Sleeping          |     5 |     6 |     1 ||    12
       Distracted        |       |       |     1 ||     1
  Eat: Chunk             |     4 |     5 |     3 ||    12
